 Dungeon Crawl Stone Soup version 0.28-a0-479-g5baa6b73be (webtiles) character file.

Game seed: 17835832726871680641

121 DungeonMaster the Cutter (level 4, -11/34 HPs)
             Began as a Demonspawn Wanderer on Sept 18, 2021.
             Mangled by an ogre (17 damage)
             ... on level 3 of the Dungeon.
             The game lasted 00:04:36 (2700 turns).

DungeonMaster the Cutter (Demonspawn Wanderer)      Turns: 2700, Time: 00:04:37

Health: -11/34     AC: 11    Str: 13    XL:     4   Next: 77%
Magic:  4/4        EV:  6    Int: 14    God:
Gold:   134        SH:  7    Dex: 12    Spells: 3/3 levels left

rFire   . . .      SeeInvis .   a - +2 short sword
rCold   . . .      Faith    .   p - +0 kite shield
rNeg    . . .      Spirit   .   n - +0 scale mail
rPois   .          Reflect  .   k - +0 helmet
rElec   .          Harm     .   (no cloak)
rCorr   .          Rampage  .   h - +1 pair of gloves
Will    .....                   (no boots)
Stlth   ..........              (no amulet)
HPRegen 0.11/turn               (no ring)
MPRegen 0.09/turn               (no ring)

@: no status effects
A: yellow scales 1
a: no special abilities


You were on level 3 of the Dungeon.
You visited 1 branch of the dungeon, and saw 3 of its levels.

You collected 134 gold pieces.

Inventory:

Hand Weapons
 a - a +2 short sword (weapon)
Missiles
 b - 19 sling bullets
 d - 10 stones
 j - 41 arrows
 l - 24 poisoned darts (quivered)
Armour
 h - a +1 pair of gloves (worn)
 k - a +0 helmet (worn)
 n - a +0 scale mail (worn)
 p - a +0 kite shield (worn)
Scrolls
 e - a scroll of amnesia
Potions
 c - a potion of might
 f - a potion of heal wounds
 g - a potion of magic {unknown}
 i - a potion of mutation
 o - a potion of flight


   Skills:
 * Level 2.5 Fighting
 - Level 3.6 Short Blades
 - Level 1.0 Polearms
 * Level 2.0 Armour
 * Level 2.3 Dodging
 - Level 1.7 Stealth
 * Level 1.0 Shields
 - Level 1.0 Evocations


You had 3 spell levels left.
You didn't know any spells.
Your spell library contained the following spells:

 Spells                   Type           Power      Damage    Failure   Level
 Passwall                 Tmut/Erth      0%         N/A       100%        2
 Swiftness                Air            0%         N/A       100%        3
 Invisibility             Hex            0%         N/A       100%        6


Dungeon Overview and Level Annotations

Branches:
Dungeon (3/15)

Altars:

Annotations:
D:2 1 exclusion, Sigmund
D:3 1 transporter, 1 runed translucent door, Crazy Yiuf; flestrin's ghost, amateur DsGl


Innate Abilities, Weirdness & Mutations

You are partially covered in yellow scales. (AC +2)


Message History

The frilled lizard closely misses you. Jessica hits you with a +0 club.
You barely miss Jessica.
Jessica is moderately wounded.
You block the frilled lizard's attack. You block Jessica's attack.
The frilled lizard barely misses you.
You hit Jessica.
Jessica is heavily wounded.
Jessica completely misses you.
The frilled lizard completely misses you.
Jessica mumbles some strange words.
Jessica blinks!
You barely miss the frilled lizard. The frilled lizard barely misses you.
You puncture the frilled lizard!
You kill the frilled lizard!
You hit the kobold.
You kill the kobold!
You hit Jessica.
You kill Jessica!
You block the ogre's attack.
Your Armour skill increases to level 2!
Your Shields skill increases to level 1!
You hit the ogre.
The ogre is lightly wounded.
You block the ogre's attack.
You puncture the ogre!
The ogre is heavily wounded.
The ogre closely misses you.
You hit the ogre.
The ogre is heavily wounded.
The ogre hits you with a +0 giant club!
Your shield prevents you from hitting the ogre.
The ogre is heavily wounded.
The ogre hits you with a +0 giant club!
* * * LOW HITPOINT WARNING * * *
A bat comes into view.
You puncture the ogre!
The ogre is almost dead.
The ogre hits you with a +0 giant club!
Ouch! That really hurt!
You die...

..# .b #.# ... #..##..##..
... #..#...##.# #.#.
#.........#....
#......##.#.#.##.
#......##))......
##......##O#.#
###.......##@#.##.##
#...................
#.....#.##.#.#######
#....>.....#.######
#####.....#.#..#......#
#...........#..#..###.#
..................# #.#
.........##.#..##.# #.#
...##.......#..##.###.###.#


You could see an ogre.

Vanquished Creatures
  Jessica (D:3)
  2 adders (D:3)
  2 worms
  3 dart slugs
  2 ball pythons
  4 endoplasms
  6 giant cockroaches
  7 goblins
  4 hobgoblins
  4 jackals (D:1)
  3 quokkas
  5 bats
  6 frilled lizards
  10 kobolds
  2 rats
61 creatures vanquished.

Notes
Turn   | Place    | Note
-------+----------+-------------------------------------------
     0 | D:1      | DungeonMaster the Demonspawn Wanderer began the quest for
                  | the Orb.
     0 | D:1      | DungeonMaster set off with the following items: a +2 short
                  | sword, a potion of lignification, a +0 spear, a +0 robe, a
                  | +0 dagger
     0 | D:1      | Reached XP level 1. HP: 15/15 MP: 1/1
   328 | D:1      | Gained mutation: You are partially covered in yellow
                  | scales. (AC +2) [demonic ancestry]
   328 | D:1      | Reached XP level 2. HP: 13/21 MP: 2/2
   586 | D:1      | Found a faded altar of an unknown god.
   638 | D:1      | Reached skill level 1 in Armour
  1104 | D:2      | Reached XP level 3. HP: 27/27 MP: 3/3
  1210 | D:2      | Noticed Sigmund
  2315 | D:3      | Found a transporter.
  2321 | D:3      | Noticed flestrin's ghost (amateur DsGl)
  2336 | D:3      | Reached XP level 4. HP: 33/33 MP: 4/4
  2548 | D:3      | Found a runed translucent door.
  2549 | D:3      | Noticed Crazy Yiuf
  2677 | D:3      | Noticed an ogre
  2678 | D:3      | Noticed Jessica
  2694 | D:3      | Killed Jessica
  2695 | D:3      | Reached skill level 1 in Shields
  2700 | D:3      | Mangled by an ogre

Illustrated notes

Levels and vault maps discovered:
D:1:      eino_arrival_cavern_e, layout_basic, basic_ecumenical_altar
D:2:      layout_loops_cross, minmay_goblin_outpost, uniq_sigmund
D:3:      minmay_bubble_buster, layout_basic, gammafunk_ghost_stat_death,
          minmay_diced_spiral, uniq_jessica, uniq_crazy_yiuf_cottage

Skill      XL: |  1  2  3  4 |
---------------+-------------+-----
Armour         | 1 2 |  2.0
Fighting       | 2 |  2.5
Dodging        | 2 |  2.3
Shields        | 1 |  1.0
Short Blades   | |  3.6
Polearms       | |  1.0
Stealth        | |  1.7
Evocations     | |  1.0

Action                   |  1- 3 |  4- 6 || total
-------------------------+-------+-------++-------
Melee: Short sword       |   147 |    57 ||   204
Throw: Dart              |     2 |       ||     2
  Use: Scroll            |     9 |     1 ||    10
       Potion            |     2 |       ||     2
 Stab: Sleeping          |     1 |       ||     1
Armor: Leather armour    |    25 |       ||    25
       Robe              |     2 |       ||     2
       Scale mail        |    30 |    36 ||    66
       Skin              |     8 |       ||     8
Dodge: Dodged            |    60 |    25 ||    85
Block: Kite shield       |     7 |    21 ||    28

Table legend: (Time is in decaauts)
 A = Elapsed time spent in this place.
 B = Non-inter-level travel time spent in this place.
 C = Inter-level travel time spent in this place.
 D = Time resting spent in this place.
 E = Time spent auto-exploring this place.
 F = Levels seen in this place.
 G = Mean time per level.
                   A        B        C        D        E       F      G
               +--------+--------+--------+--------+--------+-----+--------+
         Total |   2711 |   2618 |     93 |    548 |   1511 |   3 |  903.7 |
       Dungeon |   2711 |   2618 |     93 |    548 |   1511 |   3 |  903.7 |
               +--------+--------+--------+--------+--------+-----+--------+

Top non-repeatable levels by time:
     D:1: 1057 daAuts
     D:3: 846 daAuts
     D:2: 807 daAuts
